 Dungeon Crawl Stone Soup version 0.29-a0-275-g389c0b56f3 (webtiles) character file.

Game seed: 16610551130158052131

2613 enile the Fighter (level 9, -4/77 HPs)
             Began as a Djinni Wanderer on Mar 11, 2022.
             Was a Follower of Ashenzari.
             Slain by an orc warrior
             ... wielding a +0 glaive
              (16 damage)
             ... in a bailey.
             The game lasted 00:18:13 (9028 turns).

enile the Fighter (Djinni Wanderer)                 Turns: 9028, Time: 00:18:14

Health: -4/77      AC:  7    Str: 19    XL:     9   Next: 90%
Gold:   322        EV: 17    Int: 14    God:    Ashenzari [*.....] SH:  5 Dex: 15

rFire   + + .      SeeInvis .   D - +2 war axe (venom)
rCold   . . .      Faith    .   t - orb of the Sidereal Repose {mayhem, Self, Melee} (curse)
rNeg    . . .      Spirit   .   b - +2 leather armour
rPois   ∞          Reflect  +   (no helmet)
rElec   .          Harm     .   (no cloak)
rCorr   .          Rampage  +   g - +1 pair of gloves {Stlth+}
Will    .....                   (boots unavailable)
Stlth   ++........              z - amulet "Circumscribed Vision" {Reflect Rampage rPois rC+ SH+5, Self, Fort} (curse)
HPRegen 0.22/turn               B - +6 ring of strength
MPRegen 0.00/turn               w - +4 ring of evasion

@: mighty, flying, studying Fighting
A: sickness immunity, fire resistance 2, cold vulnerability 1, float, innate
caster, HP casting, extra vitality 1, evolution 1
a: Renounce Religion, Shatter the Chains


You were in a bailey.
You worshipped Ashenzari.
Ashenzari was aware of your devotion.
You visited 2 branches of the dungeon, and saw 9 of its levels.
You also visited: Bailey.

You collected 449 gold pieces.
You spent 127 gold pieces at shops.

Inventory:

Hand Weapons
 a - a +0 short sword
 l - a +1 short sword of protection
 y - a +0 short sword of electrocution
 C - a +2 quarterstaff of chaos
 D - a +2 war axe of venom (weapon)
 K - a +1 vampiric spear
Missiles
 i - 7 poisoned darts (quivered)
Armour
 b - a +2 leather armour (worn)
 g - a +1 pair of gloves of stealth (worn)
 m - a +2 pair of gloves
 t - the cursed orb of the Sidereal Repose (worn) {mayhem, Self, Melee}
   (You found it on level 2 of the Dungeon)

   It has a curse which improves the following skills: Introspection: Fighting
   and Spellcasting.
   Melee Combat: Short Blades, Long Blades, Axes, Maces & Flails, Polearms,
   Staves and Unarmed Combat.
Jewellery
 j - an amulet of faith
 p - an amulet of reflection
 w - a +4 ring of evasion (right hand)
 z - the cursed amulet "Circumscribed Vision" (around neck) {Reflect Rampage rPois rC+ SH+5, Self, Fort}
   (You found it on level 4 of the Dungeon)

   [amulet of reflection]

   It reflects blocked missile attacks.
   rC:        It protects you from cold.
   rPois:     It protects you from poison.
   SH:        It affects your SH (+5).
   Rampage:   It bestows one free step when moving towards enemies.
   It has a curse which improves the following skills: Introspection: Fighting
   and Spellcasting.
   Fortitude: Armour and Shields.
 B - a +6 ring of strength (left hand)
 F - a ring of protection from fire
 I - a ring of see invisible
 J - a ring of protection from cold
Wands
 k - a wand of iceblast (5)
 H - a wand of polymorph (4)
Scrolls
 h - 2 scrolls of teleportation
 o - 2 scrolls of magic mapping
 q - 3 scrolls of identify
 s - a scroll of enchant weapon
 u - 2 scrolls of silence
 x - 3 scrolls of noise
 E - 3 scrolls of fog
 G - a scroll of amnesia
 L - a scroll of torment
Potions
 c - 2 potions of attraction
 d - 2 potions of haste
 e - a potion of mutation
 f - a potion of degeneration
 n - a potion of might
 r - 4 potions of curing
 v - a potion of magic


   Skills:
 + Level 10.8(12.1) Fighting
 - Level 2.1(2.8) Short Blades
 - Level 1.5(2.1) Armour
 - Level 4.0 Dodging
 - Level 6.5(7.8) Spellcasting
 - Level 4.0 Evocations


You had 15 spell levels left.
You knew the following spells:

 Your Spells              Type           Power      Damage    Failure   Level
a - Foxfire               Conj/Fire      100%       2x1d9     1%          1
b - Corpse Rot            Necr/Air       54%        N/A       1%          2
c - Passwall              Tmut/Erth      22%        N/A       1%          2
d - Spider Form           Tmut/Pois      27%        N/A       1%          3
Your spell library was empty.

Dungeon Overview and Level Annotations

Branches:
Dungeon (8/15)             Temple (1/1) D:4          Bailey (1/1)
   Lair: D:8-11

Altars:
Ashenzari
Cheibriados
Dithmenos
Elyvilon
Gozag
Hepliaklqana
Kikubaaqudgha
Makhleb
Nemelex Xobeh
Okawaru
Qazlal
Ru
Sif Muna
Trog
Uskayaw
Vehumet
Wu Jian
Xom
Yredelemnul
Zin
The Shining One

Shops:
D:2 ([:   D:6 :


Innate Abilities, Weirdness & Mutations

You are immune to sickness and miasma.
You are immune to poison.
Your flesh is very heat resistant. (rF++)
You are vulnerable to cold. (rC-)
You float through the air rather than walking.
You learn spells naturally, not from books.
Your magical power is your life essence.
You have superior vitality. (+4 MHP)
You have hidden genetic potential.


Message History

You kill the orc!
The orc warrior flies into a frenzy!
You kill the orc warrior!
Things that are here:
a +0 halberd; a +0 scale mail
Things that are here:
a +0 glaive; a +0 plate armour; an orc corpse An orc warrior comes into view.
It is wielding a +0 glaive.
You reach down and open the gate.
You rampage towards the orc warrior!
The orc warrior shouts!
You rampage towards the orc warrior!
An orc warrior comes into view. It is wielding a +0 glaive.
The orc warrior barely misses you.
The orc warrior moves out of view.
You hit the orc warrior but do no damage.
The orc warrior is poisoned.
The orc warrior hits you with a +0 glaive!!
You barely miss the orc warrior. You block the orc warrior's attack. x2
You closely miss the orc warrior.
The orc warrior is lightly wounded.
The orc warrior shouts!
The orc warrior closely misses you.
You slash the orc warrior!
The orc warrior looks as sick as possible!
The orc warrior is severely wounded.
You kill the orc warrior!
You reach down and close the gate.
Aiming: Iceblast
Press: ? - help, Shift-Dir - straight line, f - orc warrior
Aim: an orc warrior, wielding a +0 glaive and wearing a +0 plate armour The mass of ice explodes!
The iceblast engulfs the orc warrior!
The orc warrior is moderately wounded.
You hear a shout! x10
Things that are here:
a +0 trident; a +0 chain mail; an orc corpse The orc warrior hits you with a +0 glaive!!
* * * LOW HITPOINT WARNING * * *
You feel better.
The orc warrior hits you with a +0 glaive!
You die...

###################
##≈≈≈≈≈≈≈≈≈≈≈≈≈≈≈≈≈##
##...@..)...).....)..#
##...o...).............
#.......⌠##########+###
#...)#####.....o......≈
#...##....≈≈≈≈≈≈≈≈≈...≈
#...#.⌠c≈≈≈......o≈≈..≈
#)).#..≈≈..≈≈≈≈≈≈≈(...≈
#..⌠#.≈≈.≈≈≈..oo.≈≈≈...
.
#..##.≈.≈≈.)≈≈≈≈≈..≈≈..


You could see an orc warrior.

Vanquished Creatures
  A steam dragon (D:8)
  2 water moccasins
  A black bear (D:5)
  5 orc warriors
  An ogre (D:7)
  2 centaurs
  A kobold brigand (D:7)
  2 bullfrogs (D:7)
  2 necrophages
  4 scorpions
  A killer bee (D:7)
  2 howler monkeys
  Crazy Yiuf (D:7)
  2 hounds
  6 iguanas
  An orc wizard (D:6)
  Natasha (thrice) (D:2)
  7 adders
  8 gnolls
  A gnoll zombie (D:4)
  An orc zombie (D:4)
  A white imp (D:7)
  An ufetubus (D:4)
  2 worms (D:3)
  12 orcs
  12 endoplasms
  3 giant cockroaches
  8 goblins
  5 hobgoblins
  10 jackals
  4 quokkas (D:4)
  8 ball pythons
  6 bats
  A frilled lizard (D:2)
  6 kobolds
  8 rats
141 creatures vanquished.

Vanquished Creatures (collateral kills)
  2 howler monkeys (D:7)
  A gnoll shaman (D:5)
  An orc wizard (D:6)
  2 gnolls (D:4)
  An ufetubus (D:7)
  2 orcs
  A goblin (D:4)
  A hobgoblin (D:3)
  3 jackals (D:3)
  2 kobolds (D:7)
16 creatures vanquished.

Vanquished Creatures (others)
  An orc wizard (D:6)
  462 foxfires
463 creatures vanquished.

Grand Total: 620 creatures vanquished

Notes
Turn   | Place    | Note
-------+----------+-------------------------------------------
     0 | D:1      | enile the Djinni Wanderer began the quest for the Orb.
     0 | D:1      | Reached XP level 1. HP: 20/20 MP: 0/0
   251 | D:1      | Reached XP level 2. HP: 25/25 MP: 0/0
  1058 | D:2      | Reached XP level 3. HP: 28/30 MP: 0/0
  1058 | D:2      | Learned a level 1 spell: Foxfire
  1186 | D:2      | Found Qodoac's Book Shop.
  1195 | D:2      | Noticed Natasha
  1210 | D:2      | Killed Natasha
  1211 | D:2      | Reached XP level 4. HP: 35/35 MP: 0/0
  1289 | D:2      | Noticed Natasha
  1301 | D:2      | Killed Natasha
  1494 | D:2      | Found Ofepn's Weapon Emporium.
  1530 | D:2      | Found Layvin's Antique Armour Boutique.
  1541 | D:2      | Bought a +1 short sword of protection for 127 gold pieces
  1586 | D:2      | Noticed Natasha
  1596 | D:2      | Killed Natasha
  1597 | D:2      | Reached XP level 5. HP: 25/40 MP: 0/0
  1597 | D:2      | Learned a level 2 spell: Corpse Rot
  3026 | D:3      | Reached XP level 6. HP: 44/46 MP: 0/0
  3674 | D:4      | Found a staircase to the Ecumenical Temple.
  3987 | D:4      | Found a transporter.
  4039 | D:4      | Reached XP level 7. HP: 42/50 MP: 0/0
  4039 | D:4      | Learned a level 2 spell: Passwall
  4170 | D:4      | Reached skill level 5 in Spellcasting
  4202 | D:4      | Identified the amulet "Xakkeeno" {Reflect Rampage rPois rC+
                  | SH+5}
  4402 | Temple   | Entered the Ecumenical Temple
  4523 | D:5      | Entered Level 5 of the Dungeon
  4880 | Temple   | Became a worshipper of Ashenzari the Shackled
  4937 | D:4      | Found a transporter.
  5206 | D:5      | Reached skill level 4 in Fighting
  5617 | D:5      | Reached skill level 5 in Fighting
  5723 | D:5      | Reached skill level 1 in Evocations
  5723 | D:5      | Reached XP level 8. HP: 56/59 MP: 0/0
  6669 | D:6      | Found Buhegge's Book Boutique.
  6946 | D:7      | Reached XP level 9. HP: 61/66 MP: 0/0
  6946 | D:7      | Learned a level 3 spell: Spider Form
  7591 | D:7      | Reached skill level 6 in Fighting
  7666 | D:7      | Reached * piety under Ashenzari
  7674 | D:7      | Reached skill level 7 in Fighting
  8013 | D:7      | Found a runed translucent door.
  8016 | D:7      | Noticed Crazy Yiuf
  8306 | D:7      | Gained mutation: You have hidden genetic potential. [potion
                  | of mutation]
  8320 | D:7      | Killed Crazy Yiuf
  8519 | D:8      | Reached skill level 8 in Fighting
  8615 | D:8      | Reached skill level 9 in Fighting
  8627 | D:8      | Found a flagged portal.
  8636 | Bailey   | Entered a bailey
  8989 | Bailey   | Reached skill level 10 in Fighting
  9028 | Bailey   | Slain by an orc warrior

Illustrated notes

Levels and vault maps discovered:
D:1:      onia_arrival_mini_spirals, layout_basic, moated_statue, minivault_5,
          dreamdust_mushroom_princess
D:2:      layout_loops_ring, serial_shops, shop, shop_fountains, shop,
          uniq_natasha
D:3:      layout_basic
D:4:      gammafunk_cloud_chamber, layout_rooms, minmay_temple_entry_statues,
          eino_tiny_chamber, st_stairs_1
D:5:      layout_loops_ring
D:6:      layout_loops_ring, serial_shops, shop,
          nicolae_shop_temple_entry_statues_fountains
D:7:      layout_loops_ring, small_statue_intersection, minmay_manual_mess,
          uniq_crazy_yiuf_cottage
D:8:      layout_basic, enter_bailey_5, nicolae_wooded_promenade
Temple:   mainiacjoe_temple_trianglar_array
Bailey:   bailey_polearm_flooded_kennysheep, bailey

Skill      XL: |  1  2  3  4  5  6  7  8  9 |
---------------+----------------------------+-----
Short Blades   | 2 |  2.1
Spellcasting   | 2 3 4 5 6 |  6.5
Fighting       | 5 10 | 10.8
Evocations     | 1 4 |  4.0
Dodging        | 4 |  4.0
Armour         | |  1.5

Action                   |  1- 3 |  4- 6 |  7- 9 || total
-------------------------+-------+-------+-------++-------
Melee: Short sword       |    60 |    77 |   131 ||   268
       Punch             |     1 |       |       ||     1
       War axe           |       |       |    35 ||    35
       Unarmed           |       |       |    21 ||    21
       Spear             |       |       |    19 ||    19
Throw: Dart              |     5 |     6 |    21 ||    32
       Throwing net      |       |       |     1 ||     1
 Cast: Foxfire           |     8 |   116 |   170 ||   294
       Corpse Rot        |       |     4 |     2 ||     6
       Spider Form       |       |       |     2 ||     2
Invok: Curse Item        |       |       |     2 ||     2
Evoke: Wand              |       |       |     4 ||     4
  Use: Potion            |     1 |     1 |     7 ||     9
       Scroll            |       |     1 |     6 ||     7
 Stab: Sleeping          |     2 |       |       ||     2
       Invisible         |       |       |     1 ||     1
Armor: Leather armour    |    29 |    51 |    62 ||   142
       Skin              |     4 |       |     5 ||     9
Dodge: Dodged            |    44 |   101 |   238 ||   383
Block: Orb               |       |       |    54 ||    54
       Other             |       |       |     1 ||     1
       Reflection        |       |       |     1 ||     1

Table legend: (Time is in decaauts)
 A = Elapsed time spent in this place.
 B = Non-inter-level travel time spent in this place.
 C = Inter-level travel time spent in this place.
 D = Time resting spent in this place.
 E = Time spent auto-exploring this place.
 F = Levels seen in this place.
 G = Mean time per level.
                   A        B        C        D        E       F      G
               +--------+--------+--------+--------+--------+-----+--------+
         Total |   9058 |   8613 |    445 |    392 |   6382 |  10 |  905.8 |
       Dungeon |   8193 |   7805 |    388 |    182 |   6007 |   8 | 1024.1 |
        Temple |    458 |    401 |     57 |      0 |    375 |   1 |  458.0 |
        Bailey |    406 |    406 |      0 |    210 |      0 |   1 |  406.0 |
               +--------+--------+--------+--------+--------+-----+--------+

Top non-repeatable levels by time:
     D:7: 1594 daAuts
     D:2: 1389 daAuts
     D:5: 1379 daAuts
     D:3: 1289 daAuts
     D:4: 1054 daAuts
     D:1: 926 daAuts
  Temple: 458 daAuts
  Bailey: 406 daAuts
     D:6: 381 daAuts
     D:8: 179 daAuts
